 Dungeon Crawl Stone Soup version 0.21-a0-49-g7bf2ba4 (webtiles) character file.

14 roguesci the Ruffian (level 2, 0/25 HPs)
             Began as a Naga Transmuter on June 10, 2017.
             Succumbed to an adder's poison
             ... on level 1 of the Dungeon.
             The game lasted 00:01:20 (181 turns).

roguesci the Ruffian (Naga Transmuter)               Turns: 181, Time: 00:01:21

Health: 0/25       AC:  1    Str: 14    XL:     2   Next: 45%
Magic:  5/5        EV: 10    Int: 13    God:
Gold:   7          SH:  0    Dex: 11    Spells: 4/5 levels left

rFire    . . .     SeeInvis +   h - +0 whip (distort)
rCold    . . .     Gourm    .   (no shield)
rNeg     . . .     Faith    .   b - +0 robe
rPois    +         Spirit   .   (no helmet)
rElec    .         Reflect  .   (no cloak)
rCorr    .         Harm     .   (no gloves)
MR       .....     Clarity  +   (no barding)
Stlth    +.........             (no amulet)
Regen    0.1/turn               (no ring)
MPRegen  0.1/turn               (no ring)

@: lethally poisoned (0 -> -2), very slow
A: see invisible, clarity, deformed body, poison resistance, slowness 2, slow
metabolism 1, spit poison 1, strong 1, AC +0
a: Spit Poison


You were on level 1 of the Dungeon.
You were not hungry.

You visited 1 branch of the dungeon, and saw 1 of its levels.

You collected 7 gold pieces.

Inventory:

Hand Weapons
 h - a +0 whip of distortion (weapon)
Missiles
 a - 28 arrows
Armour
 b - a +0 robe (worn)
Books
 c - a book of Changes

   Spells                             Type                      Level
   a - Beastly Appendage              Transmutation                1
   b - Sticks to Snakes               Transmutation                2
   c - Spider Form                    Transmutation/Poison         3
   d - Ice Form                       Ice/Transmutation            4
   e - Blade Hands                    Transmutation                5
Comestibles
 d - a bread ration
 f - 3 chunks of flesh
 g - a meat ration


   Skills:
 * Level 1.6 Fighting
 * Level 1.9 Dodging
 + Level 0.0 Stealth
 + Level 3.0 Unarmed Combat
 * Level 2.2 Spellcasting
 + Level 2.0 Transmutations


You had 4 spell levels left.
You knew the following spells:

 Your Spells              Type           Power        Failure   Level  Hunger
a - Beastly Appendage     Tmut           #.....       11%         1    ##.....


Dungeon Overview and Level Annotations

Branches:
Dungeon (1/15)

Altars:


Innate Abilities, Weirdness & Mutations

You cannot wear boots.
Your serpentine skin is tough. (AC +0)
You have supernaturally acute eyesight. (SInv)
Armour fits poorly on your strangely shaped body.
Your system is resistant to poisons. (rPois)
You cover ground very slowly.
You have a slow metabolism.
You can spit poison.
You possess an exceptional clarity of mind.
Your muscles are strong. (Str +2)


Message History

You are too injured to fight recklessly!
You hit the adder.
Space warps horribly around the adder!
You kill the adder!
You have reached level 2!
* * * LOW HITPOINT WARNING * * *
You feel sick.
You aren't carrying any potions.
There is a lethal amount of poison in your body!
There is a lethal amount of poison in your body!
* * * LOW HITPOINT WARNING * * *
You feel sick.
Found a stone staircase leading down.
* * * LOW HITPOINT WARNING * * *
You feel sick.
You aren't carrying any potions.
* * * LOW HITPOINT WARNING * * *
You feel sick.
* * * LOW HITPOINT WARNING * * *
You feel sick.
You die...

##..................
.................... .
.#.....#####.......) #.
#.................. ..
......##..#........ ..
..........#.†...... #.
######...##.......
#.##..######...#........
.......@......>#........
##.......###...#........
#.......# #...#........
######### #...#........
######....... ##......
#######


There were no monsters in sight!

Vanquished Creatures
  An adder (D:1)
  2 goblins (D:1)
  A kobold (D:1)
  2 rats (D:1)
6 creatures vanquished.

Notes
Turn   | Place    | Note
-------+----------+-------------------------------------------
     0 | D:1      | roguesci the Naga Transmuter began the quest for the Orb.
     0 | D:1      | Reached XP level 1. HP: 18/18 MP: 3/3
   168 | D:1      | Gained mutation: You possess an exceptional clarity of mind. [potion of mutation]
   168 | D:1      | Gained mutation: Your muscles are strong. (Str +2) [potion of mutation]
   169 | D:1      | Reached XP level 2. HP: 5/25 MP: 5/5
   178 | D:1      | HP: 1/25 [poisoned by an adder]
   181 | D:1      | Succumbed to an adder's poison

Vault maps used:
D:1:      matt_arrival_spirals, minmay_misc_feat_iff

Action                   || total
-------------------------++-------
Melee: Unarmed           ||     5
       Whip              ||     2
       Headbutt          ||     1
 Cast: Beastly Appendage ||     1
 Abil: Spit Poison       ||     2
  Use: Potion            ||     1
Armor: Robe              ||     1
Dodge: Dodged            ||     2
